[Event "Live Chess"]
[Site "Chess.com"]
[Date "2024.06.02"]
[Round "-"]
[White "Nikaru_Hikamura"]
[Black "nigelst"]
[Result "1-0"]
[WhiteElo "1870"]
[BlackElo "1735"]
[TimeControl "300"]
[EndTime "22:57:52 PDT"]
[Termination "Nikaru_Hikamura won on time"]

1. e4 c6 2. d4 d5 3. Nd2 dxe4 4.
Nxe4 Bf5 5. Ng3 Bg6 6. h4 h6 7. Nf3 Nd7 8. h5 Bh7 9. Bd3 Bxd3 10. Qxd3 e6 11. Bf4 Qa5+ 12. Bd2 Bb4 13. a3 Bxd2+ 14. Nxd2 Ngf6 15. O-O-O O-O 16. Nge4 Nxe4 17. Nxe4 Qf5 18. f3 Rfd8 19. g4 Qf4+ 20. Kb1 Ne5 21. Qf1 Nxf3 22.
Rh3 Qxe4 23. Rxf3 Rd7 24. Rg3 Rxd4 25. Rxd4 Qxd4 26. g5 hxg5 27. Rxg5 Kh7 28. Qg2 Rd8 29. Ka2 Qf6 30. Rg3 Rd5 31. Rb3 b5 32. Qe4+ Qf5 33.
Qe2 Re5 34. Qd1 Rd5 35. Qe2 Qxh5 36. Qe4+ Qf5 37. Qh1+ Kg8 38. Rc3 c5 39. Qh2 Qe5 40. Qh4 Kf8 41. Qh8+ Ke7 42. Qc8 b4 43. axb4 cxb4 44. Qb7+ Rd7 45. Qxb4+ Qd6 46. Qh4+ f6 47. Qa4 Qd5+ 48. b3 Rb7 49. Rd3 Qb5 50. Qd4 Qa5+ 51.
Kb2 Qb5 52. Qd6+ Kf7 53. Qd8 Kg6 54. Qd4 Kf7 55. Qg4 g6 56. Qh3 f5 57. Qh7+ Kf6 58. Qh8+ 1-0

[Event "Live Chess"]
[Site "Chess.com"]
[Date "2024.06.02"]
[Round "-"]
[White "Crowded_House"]
[Black "JoeyCage"]
[Result "0-1"]
[WhiteElo "1695"]
[BlackElo "2390"]
[TimeControl "300"]
[EndTime "22:58:03 PDT"]
[Termination "JoeyCage won by resignation"]

1. d4 e6 2. Nf3 d5 3. Bg5 Nf6 4.
e3 Be7 5. Nbd2 c5 6. c3 Nc6 7. Bd3 h6 8. Bh4 a6 9. O-O b5 10. a3 Bb7 11. b4 c4 12. Bc2 a5 13.
Qb1 axb4 14. axb4 Qc7 15. Rxa8+ Bxa8 16. Qb2 O-O 17. Ra1 e5 18. dxe5 Nxe5 19. Nxe5 Qxe5 20. Bg3 Qe6 21. Ra7 Nh5 22. Qa1 Nxg3 23. hxg3 Bc6 24. Rc7 Bf6 25. Nf3 Ra8 26. Qb2 Qd6 0-1

[Event "Live Chess"]
[Site "Chess.com"]
[Date "2024.06.02"]
[Round "-"]
[White "matt1979"]
[Black "KeithArkell"]
[Result "0-1"]
[WhiteElo "1377"]
[BlackElo "2419"]
[TimeControl "300"]
[EndTime "22:59:12 PDT"]
[Termination "KeithArkell won by resignation"]

1. f4 d5 2. e3 Nf6 3. Nf3 Bg4 4.
Nc3 Nbd7 5. b3 e5 6. fxe5 Nxe5 7. Be2 Bxf3 8. Bxf3 c6 9. Bb2 Bd6 10. O-O Qc7 11.
Qe1 h5 12. h3 O-O-O 13. Ne2 g5 14. c4 g4 15. hxg4 hxg4 16. cxd5 gxf3 17. gxf3 Nd3 18. Qb1 Rdg8+ 0-1

[Event "Live Chess"]
[Site "Chess.com"]
[Date "2024.06.02"]
[Round "-"]
[White "KyryloPoluliakh"]
[Black "AlanBstard10"]
[Result "1-0"]
[WhiteElo "1528"]
[BlackElo "1158"]
[TimeControl "300"]
[EndTime "23:00:15 PDT"]
[Termination "KyryloPoluliakh won by resignation"]

1. c4 e5 2. Nc3 Bb4 3. Nd5 Be7 4. g3 Nf6 5. Nxe7 Qxe7 6. Bg2 O-O 7. e3 Nc6 8. Ne2 b6 9. d4 exd4 10. exd4 Rb8 11. b3 Qd6 12. O-O Re8 13. Bb2 Bb7 14. Nf4 Ne7 15. Bxb7 Rxb7 16. Qd3 Ng6 17. Nxg6 hxg6 18.
Rfe1 Rxe1+ 19. Rxe1 Rb8 20. Qc3 Re8 21. Rxe8+ Nxe8 22.
d5 Qf6 23. Qxf6 Nxf6 24. Bxf6 gxf6 25. Kg2 Kf8 26. Kf3 Ke7 27. Ke4 Kd6 28. Kd4 f5 29.
b4 Ke7 30. a4 Kf6 31. f4 g5 32. c5 bxc5+ 33. bxc5 gxf4 34. gxf4 c6 35. dxc6 dxc6 36.
a5 Ke7 37. Ke5 f6+ 38. Kxf5 Kf7 39. h4 Kg7 40. h5 Kh6 41. Kxf6 Kxh5 42. f5 Kh6 43. Ke7 Kg7 44. f6+ 1-0

[Event "Live Chess"]
[Site "Chess.com"]
[Date "2024.06.02"]
[Round "-"]
[White "RockTroll"]
[Black "Greenbecker"]
[Result "1-0"]
[WhiteElo "2184"]
[BlackElo "1728"]
[TimeControl "300"]
[EndTime "23:00:45 PDT"]
[Termination "RockTroll won by checkmate"]

1. Nf3 Nf6 2. g3 g6 3. d3 Bg7 4.
Bd2 O-O 5. Qc1 b6 6. Bh6 Bb7 7. h4 d6 8. h5 Nxh5 9. Rxh5 gxh5 10. Qg5 f6 11. Qxg7# 1-0

[Event "Live Chess"]
[Site "Chess.com"]
[Date "2024.06.02"]
[Round "-"]
[White "dl_chess"]
[Black "MagnersCarlsberg2870"]
[Result "0-1"]
[WhiteElo "1171"]
[BlackElo "1819"]
[TimeControl "300"]
[EndTime "23:01:06 PDT"]
[Termination "MagnersCarlsberg2870 won by checkmate"]

1. e4 e5 2. Nc3 Nc6 3. Bc4 Nf6 4.
d3 Bc5 5. Nf3 Ng4 6. O-O h5 7.
h3 d6 8. a3 Be6 9. Bxe6 fxe6 10. Na4 Nf6 11. Nxc5 dxc5 12. Bg5 Qd7 13. Nh4 Ne7 14.
f4 exf4 15. Rxf4 Qd4+ 16. Kh1 O-O-O 17. c3 Qxd3 18. Qa4 Kb8 19. e5 Nfd5 20. Rf7 Rde8 21.
Rd1 Qg3 22. Bxe7 Rxe7 23. Rxe7 Nxe7 24. Rd7 Qe1+ 25. Kh2 Qxe5+ 26. Kh1 Rf8 27. Nf3 Qf6 28. Qa5 b6 29. Qb5 g5 30. Qc4 g4 31. hxg4 hxg4 32. Qxg4 Rg8 33. Qe4 Qh6+ 34. Kg1 Qc1+ 35. Kf2 Qxb2+ 36.
Kg1 Qxg2# 0-1

[Event "Live Chess"]
[Site "Chess.com"]
[Date "2024.06.02"]
[Round "-"]
[White "McFim"]
[Black "WilliamofOrange16th"]
[Result "1-0"]
[WhiteElo "1702"]
[BlackElo "1963"]
[TimeControl "300"]
[EndTime "23:01:38 PDT"]
[Termination "McFim won by resignation"]

1. e4 d6 2. d4 Nf6 3. Nc3 Nbd7 4. Nf3 e5 5. dxe5 dxe5 6. Bc4 Be7 7. Ng5 O-O 8. Bxf7+ Rxf7 9. Ne6 Qe8 10. Nxc7 Qd8 11. Nxa8 b5 12. O-O Bb7 13. Nxb5 Qxa8 14. Nd6 Bxd6 15.
Qxd6 Bxe4 16. f3 Bxc2 17. Be3 Ne8 18. Qd2 Ba4 19. b3 Bc6 20. Rac1 a6 21. Qc3 Bb5 22. Rf2 Qd5 23. a4 Bd3 24. Rd1 e4 25. fxe4 Qxe4 26. Qxd3 Qxd3 27. Rxd3 Ne5 28. Rd8 Re7 29. Bc5 1-0

[Event "Live Chess"]
[Site "Chess.com"]
[Date "2024.06.02"]
[Round "-"]
[White "juniortay"]
[Black "elephantgerrald"]
[Result "1-0"]
[WhiteElo "2422"]
[BlackElo "806"]
[TimeControl "300"]
[EndTime "23:02:05 PDT"]
[Termination "juniortay won by checkmate"]

1. e4 e5 2. Nc3 Nf6 3. f4 exf4 4. Nf3 d6 5. d4 c5 6. Bxf4 cxd4 7. Qxd4 Nc6 8. Bb5 Bd7 9. Bxc6 Bxc6 10. O-O b6 11. Kh1 Qc7 12. Rad1 O-O-O 13. a4 a5 14. Qd3 Nh5 15. Be3 d5 16. Nxd5 Bxd5 17. exd5 Bc5 18. Bxc5 Qxc5 19. Ne5 Rhf8 20. Qh3+ Kb8 21. Qxh5 Rxd5 22. Rxd5 Qxc2 23. Qd1 Qe4 24. Rd8+ Rxd8 25. Qxd8+ Kb7 26. Qd7+ Ka6 27. Qb5+ Kb7 28. Rd1 Qc2 29. Rd7+ Kc8 30. Qa6+ Kb8 31. Qa7+ Kc8 32. Qb7# 1-0

[Event "Live Chess"]
[Site "Chess.com"]
[Date "2024.06.02"]
[Round "-"]
[White "Dhaydon19"]
[Black "nigelst"]
[Result "1-0"]
[WhiteElo "2681"]
[BlackElo "1735"]
[TimeControl "300"]
[EndTime "23:02:26 PDT"]
[Termination "Dhaydon19 won by resignation"]

1. d4 Nf6 2. Nf3 e6 3. g3 c5 4. c3 b6 5. Bg2 Bb7 6. O-O cxd4 7. cxd4 d6 8. Nc3 Be7 9. Qd3 Nbd7 10.
Rd1 O-O 11. Bf4 Rc8 12. Rac1 Re8 13. e4 Bf8 14. e5 Nd5 15. Ng5 g6 16. Nxd5 Bxd5 17.
Bxd5 exd5 18. Qb3 dxe5 19. Qxd5 Qe7 20. Rxc8 Rxc8 21. dxe5 Rd8 22. Nxf7 Qxf7 23. e6 Qf5 24. Qxf5 gxf5 25. exd7 Kf7 26. Bc7 Be7 27. Bxd8 Bxd8 28.
Re1 Bc7 29. Re8 b5 30. d8=Q Bxd8 31. Rxd8 1-0

[Event "Live Chess"]
[Site "Chess.com"]
[Date "2024.06.02"]
[Round "-"]
[White "JoeyCage"]
[Black "booktrunk"]
[Result "1-0"]
[WhiteElo "2390"]
[BlackElo "1539"]
[TimeControl "300"]
[EndTime "23:02:28 PDT"]
[Termination "JoeyCage won by resignation"]

1. e4 b6 2. d4 Bb7 3. Nc3 h6 4. a3 e6 5. Nf3 a5 6. Bd3 Nf6 7. O-O c5 8. e5 Nd5 9. Nxd5 Bxd5 10.
c4 Bb7 11. Be3 cxd4 12. Nxd4 Nc6 13. Nxc6 Bxc6 14. Qg4 h5 15. Qg3 h4 16. Qg4 Rb8 17.
f4 f5 18. exf6 Qxf6 19. f5 e5 20. Bg5 Qd6 21. Rad1 Qc5+ 22. Kh1 Be7 23. f6 gxf6 24.
Bg6+ Kd8 25. Bxf6 Bxf6 26. Rxf6 Kc7 27. Rfd6 Rhg8 28. Rxd7+ Kc8 29. Rf7+ 1-0

[Event "Live Chess"]
[Site "Chess.com"]
[Date "2024.06.02"]
[Round "-"]
[White "MaximKovalenko83"]
[Black "Duke_of_Bebington"]
[Result "1-0"]
[WhiteElo "2223"]
[BlackElo "1658"]
[TimeControl "300"]
[EndTime "23:02:45 PDT"]
[Termination "MaximKovalenko83 won by resignation"]

1. d4 d5 2. Nf3 Nf6 3. c4 c6 4. Nc3 dxc4 5. a4 Bf5 6. Bg5 Nd5 7. e3 Nd7 8. Bxc4 N7f6 9. O-O e6 10. Ne5 Be7 11. Qe2 Ne4 12. Nxe4 Bxe4 13. Bxe7 Qxe7 14. f3 Bg6 15. e4 Nc7 16. Rfd1 O-O 17. Rac1 Rad8 18. a5 a6 19. Qe1 Nb5 20. Bxb5 axb5 21. b4 f6 22. Ng4 h5 23. Nf2 Rd7 24. Rd3 Rfd8 25. Rcd1 Bf7 26. Qc3 e5 27. dxe5 Rxd3 28.
Rxd3 Rxd3 29. Nxd3 Bc4 30. exf6 gxf6 31. Nc5 Qd7 32.
Nxd7 1-0

[Event "Live Chess"]
[Site "Chess.com"]
[Date "2024.06.02"]
[Round "-"]
[White "Nikaru_Hikamura"]
[Black "Crowded_House"]
[Result "1-0"]
[WhiteElo "1874"]
[BlackElo "1691"]
[TimeControl "300"]
[EndTime "23:03:21 PDT"]
[Termination "Nikaru_Hikamura won by checkmate"]

1. e4 e6 2. d3 d5 3. Nd2 dxe4 4. dxe4 Bd7 5. Ngf3 Bc6 6. Bd3 Nf6 7. O-O Bc5 8. Qe2 O-O 9. h3 b6 10. Rd1 Bb7 11. Nc4 Qc8 12. Bg5 Nfd7 13. a3 Nc6 14. b4 Bd6 15. Nxd6 cxd6 16. c4 f6 17. Bf4 Nce5 18. Nxe5 Nxe5 19. Rac1 Nxd3 20. Rxd3 Rd8 21. Rxd6 Rxd6 22. Bxd6 Qd7 23. c5 bxc5 24. Bxc5 a6 25. Rd1 Qc6 26. f3 a5 27. Rd6 Qc7 28. Qc4 Bc8 29. Qd4 e5 30. Qd5+ Qf7 31. Rd8# 1-0

[Event "Live Chess"]
[Site "Chess.com"]
[Date "2024.06.02"]
[Round "-"]
[White "KeithArkell"]
[Black "EPotapov05"]
[Result "1-0"]
[WhiteElo "2419"]
[BlackElo "1808"]
[TimeControl "300"]
[EndTime "23:03:56 PDT"]
[Termination "KeithArkell won by resignation"]

1. d4 d5 2. Nf3 Nf6 3. c4 dxc4 4. e3 e6 5. Bxc4 c5 6. Nc3 Nc6 7. d5 exd5 8. Nxd5 Nxd5 9. Qxd5 Qxd5 10. Bxd5 Bd7 11. Bd2 Be7 12. Ke2 Bf6 13. Bc3 Bxc3 14. bxc3 O-O 15. Rhd1 Rfd8 16. Rab1 Na5 17. Ng5 Bf5 18.
Bxf7+ Kf8 19. Ne6+ Ke7 20. Nxd8 Rxd8 21. Rxd8 Kxd8 22. Rb5 b6 23. Rxa5 bxa5 24. a3 Kc7 25. Bd5 Kd6 26. e4 Bd7 27. Ke3 g5 28.
f3 Ke5 29. g3 Bb5 30. f4+ gxf4+ 31. gxf4+ Kd6 32. c4 Be8 33. e5+ Ke7 34. Ke4 Bh5 35. f5 1-0

[Event "Live Chess"]
[Site "Chess.com"]
[Date "2024.06.02"]
[Round "-"]
[White "AlanBstard10"]
[Black "RockTroll"]
[Result "0-1"]
[WhiteElo "1158"]
[BlackElo "2184"]
[TimeControl "300"]
[EndTime "23:04:19 PDT"]
[Termination "RockTroll won by checkmate"]

1. b4 Nf6 2. a3 g6 3. Bb2 Bg7 4. Nc3 O-O 5. e3 d6 6. Be2 e5 7. Nf3 Nc6 8. O-O e4 9. Nd4 Nxd4 10. exd4 h5 11. d3 Bf5 12. dxe4 Nxe4 13. Nxe4 Bxe4 14.
f3 Bf5 15. Bd3 Qg5 16. Bxf5 Qxf5 17. Rb1 h4 18. d5 Bxb2 19. Rxb2 h3 20. g3 Rfe8 21.
c3 Re3 22. Re2 Rae8 23. Rxe3 Rxe3 24. Kf2 Rxc3 25. Re1 Rc2+ 26. Kf1 Rxh2 27. Re8+ Kh7 28. Kg1 Rg2+ 29. Kh1 Rxg3 30. Qd4 Qxf3+ 31. Kh2 Qg2# 0-1

[Event "Live Chess"]
[Site "Chess.com"]
[Date "2024.06.02"]
[Round "-"]
[White "matt1979"]
[Black "vincents82"]
[Result "0-1"]
[WhiteElo "1377"]
[BlackElo "2039"]
[TimeControl "300"]
[EndTime "23:04:46 PDT"]
[Termination "vincents82 won by checkmate"]

1. f4 d5 2. e3 e6 3. b3 Nf6 4. Bb2 Be7 5. Nf3 O-O 6. d3 c5 7.
Be2 b5 8. O-O Bb7 9. Nbd2 Nbd7 10. Qe1 Qc7 11. Ne5 Bd6 12. Nxd7 Qxd7 13. Bxf6 gxf6 14.
Qg3+ Kh8 15. Qh4 Qe7 16. Rf3 f5 17. Qh5 d4 18. e4 Rg8 19. Rh3 f6 20. Rf1 fxe4 21. dxe4 f5 22. Bf3 Bxf4 23. Rf2 Be3 24. exf5 Bxf3 25. Rxf3 Qg7 26. Qh3 exf5 27. Qxf5 Qxg2# 0-1

[Event "Live Chess"]
[Site "Chess.com"]
[Date "2024.06.02"]
[Round "-"]
[White "Isambard_Thomas"]
[Black "Delacorta"]
[Result "1-0"]
[WhiteElo "2152"]
[BlackElo "1514"]
[TimeControl "300"]
[EndTime "23:05:35 PDT"]
[Termination "Isambard_Thomas won on time"]

1. d4 Nf6 2. Nf3 g6 3. Bg5 Bg7 4. e3 d5 5. Bd3 Bg4 6. Nbd2 O-O 7. h3 Bxf3 8. Nxf3 Ne4 9. h4 Nxg5 10. Nxg5 e5 11.
c3 e4 12. Be2 f5 13. Qb3 Qd6 14. h5 Bh6 15. Nxh7 Kxh7 16. hxg6+ Kxg6 17. Bh5+ Kg7 18. Rh3 Nd7 19. Rg3+ Kh8 20. Rg6 Rf6 21. Rg3 Nb6 22.
O-O-O Rg8 23. Rxg8+ Kxg8 24. Rg1 Nc4 25. Qxb7 Nxe3 26.
Kb1 Ng4 27. Bxg4 fxg4 28. Qc8+ Rf8 29. Qxg4+ Kh7 30. Qh4 Qf4 31. Qe7+ Rf7 32. Qe5 Qxf2 33.
Rh1 Qf4 34. Qh5 Qe3 35. a3 Qd3+ 36. Ka2 Qe3 37. Qxf7+ Kh8 38. Qe8+ Kh7 39. Qd7+ 1-0

[Event "Live Chess"]
[Site "Chess.com"]
[Date "2024.06.02"]
[Round "-"]
[White "Bradfield133"]
[Black "RichardABates"]
[Result "0-1"]
[WhiteElo "1868"]
[BlackElo "2369"]
[TimeControl "300"]
[EndTime "23:06:15 PDT"]
[Termination "RichardABates won on time"]

1. c4 g6 2. g3 Bg7 3. Bg2 e5 4. Nc3 f5 5. d3 Nf6 6. e4 d6 7.
Nge2 O-O 8. O-O c6 9. h3 fxe4 10.
dxe4 Be6 11. b3 Qd7 12. Kh2 Na6 13. Be3 b6 14. Qd2 Rad8 15. Rad1 Nc7 16. Bg5 Qf7 17.
Qe3 Bc8 18. Rd2 Ne6 19. Bh6 c5 20. Bxg7 Kxg7 21. f4 Nd4 22. fxe5 dxe5 23. Nd5 Qe6 24. Nec3 Bb7 25. Rdf2 Nxd5 26. exd5 Qe7 27. Rxf8 Rxf8 28. Rxf8 Kxf8 29. d6 Qf7 30. Bxb7 Qxb7 31. Qh6+ Qg7 32. Qxg7+ Kxg7 33. Nb5 Kf7 34. Nxa7 Ke6 35. Nc8 e4 36. Kg2 e3 37. Kf1 Kd7 38. Nxb6+ Kxd6 39. Nd5 e2+ 40. Ke1 Ke5 41. Nc3 Nf3+ 42. Kxe2 Ng5 43. h4 Ne6 44. Na4 Nd4+ 45. Kd3 Nf5 46. Nxc5 Nxg3 47. b4 Nf5 48. b5 Nxh4 49. b6 Kd6 50. b7 Kc7 51. Na6+ Kxb7 52. Nb4 Nf5 53. Ke4 Nd6+ 54. Ke5 Nxc4+ 55.
Kf6 Nd6 56. Kg7 g5 57. Kxh7 g4 0-1

[Event "Live Chess"]
[Site "Chess.com"]
[Date "2024.06.02"]
[Round "-"]
[White "vincents82"]
[Black "booktrunk"]
[Result "1-0"]
[WhiteElo "2040"]
[BlackElo "1538"]
[TimeControl "300"]
[EndTime "23:06:51 PDT"]
[Termination "vincents82 won by checkmate"]

1. e4 b6 2. d4 Bb7 3. Nc3 e6 4. Nf3 h6 5. Bd3 Nf6 6. Qe2 Bb4 7. Bd2 O-O 8. e5 Nd5 9. Nxd5 Bxd2+ 10. Nxd2 Bxd5 11.
Ne4 Nc6 12. c4 Bxe4 13. Qxe4 Rb8 14. Qh7# 1-0

[Event "Live Chess"]
[Site "Chess.com"]
[Date "2024.06.02"]
[Round "-"]
[White "WilliamofOrange16th"]
[Black "juniortay"]
[Result "1-0"]
[WhiteElo "1978"]
[BlackElo "2407"]
[TimeControl "300"]
[EndTime "23:07:29 PDT"]
[Termination "WilliamofOrange16th won by resignation"]

1. e4 e5 2. Nf3 Nf6 3. Nc3 Nc6 4. Bb5 Nd4 5. Ba4 Bc5 6. O-O O-O 7. d3 d6 8. h3 c6 9. Nxd4 Bxd4 10. Ne2 Bb6 11. c3 Nh5 12. Kh2 Qh4 13. Ng1 f5 14. g3 Nxg3 15. fxg3 Qf6 16. Bb3+ Kh8 17. exf5 d5 18. Qf3 Bc7 19. Bd2 Bd7 20. Rae1 Rae8 21. c4 d4 22. Bd1 Qe7 23. Qg2 Bxf5 24. Be2 Qd6 25. b4 Qg6 26. Nf3 Bxd3 27. Nh4 Qe4 28. Rxf8+ Rxf8 29. Bf3 Rxf3 30. Qxf3 Qxf3 31. Nxf3 1-0

[Event "Live Chess"]
[Site "Chess.com"]
[Date "2024.06.02"]
[Round "-"]
[White "elephantgerrald"]
[Black "nigelst"]
[Result "0-1"]
[WhiteElo "806"]
[BlackElo "1735"]
[TimeControl "300"]
[EndTime "23:07:59 PDT"]
[Termination "nigelst won by checkmate"]

1. e4 c6 2. d4 d5 3. e5 c5 4.
dxc5 e6 5. Be3 Nd7 6. Nf3 Bxc5 7. Bxc5 Nxc5 8. Bb5+ Bd7 9. Bxd7+ Qxd7 10. O-O Ne7 11. Ng5 O-O 12. b4 Na6 13. Qd3 Ng6 14. h4 Nxb4 15. Qf3 Nxc2 16. Qh5 h6 17. Nxf7 Qxf7 18. Qe2 Nxa1 19. Nc3 Nxe5 20. Qxe5 Nc2 21. Qe2 Nd4 22. Qe3 Nf5 23. Qf3 Nxh4 24. Qxf7+ Rxf7 25. g3 Nf5 26. Re1 Rf6 27. Nb5 a6 28. Nc7 Rc8 29.
Rc1 Nd4 30. Rd1 Rxc7 31. Rxd4 Rc2 32. Kg2 Rfxf2+ 33. Kh3 h5 34. Kh4 Rf5 35. Kh3 g5 36. g4 Rf3# 0-1

[Event "Live Chess"]
[Site "Chess.com"]
[Date "2024.06.02"]
[Round "-"]
[White "Crowded_House"]
[Black "Duke_of_Bebington"]
[Result "1/2-1/2"]
[WhiteElo "1690"]
[BlackElo "1659"]
[TimeControl "300"]
[EndTime "23:09:00 PDT"]
[Termination "Game drawn by repetition"]

1. d4 d5 2. Bg5 h6 3. Bh4 g5 4. Bg3 Bg7 5. c3 Bf5 6. e3 Nd7 7. Bd3 Bxd3 8. Qxd3 Ngf6 9. Nd2 c6 10.
Ngf3 Qb6 11. b3 c5 12. Rc1 O-O 13. O-O Rac8 14. c4 dxc4 15. Nxc4 Qc6 16. dxc5 Nxc5 17. Qe2 Qa6 18. Be5 Nce4 19. a4 Rfd8 20. Rfd1 b6 21. Rxd8+ Rxd8 22. Rd1 Rxd1+ 23. Qxd1 Qc8 24. Qd3 Nc5 25. Qd1 Nce4 26. Qd3 Nc5 27. Qd1 Kf8 28. h3 Nce4 29. Qd3 Nc5 30. Qd1 Nce4 31. Qd3 Nc5 32. Qd1 1/2-1/2

[Event "Live Chess"]
[Site "Chess.com"]
[Date "2024.06.02"]
[Round "-"]
[White "Greenbecker"]
[Black "MagnersCarlsberg2870"]
[Result "0-1"]
[WhiteElo "1705"]
[BlackElo "1825"]
[TimeControl "300"]
[EndTime "23:10:03 PDT"]
[Termination "MagnersCarlsberg2870 won on time"]

1. e4 d5 2. exd5 Nf6 3. Nf3 Qxd5 4. Nc3 Qh5 5. Be2 Bg4 6. h3 e6 7. O-O Bd6 8. d3 Bf5 9. Nd4 Qg6 10. Nxf5 Qxf5 11. Bf3 c6 12. Ne4 Nxe4 13. Bxe4 Qe5 14. f4 Qd4+ 15. Kh1 Nd7 16. c3 Qf6 17. Be3 Nc5 18.
Bd4 Qh4 19. Qf3 Nxe4 20. dxe4 O-O-O 21. Bxa7 Rhg8 22. e5 Bc7 23. Bc5 g5 24. f5 g4 25. Qf4 f6 26. Bd6 fxe5 27. Bxe5 Bxe5 28. Qxe5 gxh3 29. Qxe6+ Kb8 30. Qe5+ Kc8 31. Qe6+ Kc7 32. Qf7+ Kb8 33. Kg1 hxg2 34. Rfd1 Qh1+ 35. Kf2 g1=Q+ 36.
Rxg1 Rd2+ 37. Ke3 Rxg1 38. Rxg1 Qd5 39. Rg8+ Ka7 40. Qxd5 Rxd5 41. Rg7 Rxf5 42. Rxh7 Rb5 43. b3 Ra5 44. a4 Rc5 45. Kd4 Rg5 46. b4 Rg4+ 47.
Kc5 Rg3 48. c4 Rg5+ 49. Kd6 Rg6+ 0-1

[Event "Live Chess"]
[Site "Chess.com"]
[Date "2024.06.02"]
[Round "-"]
[White "RichardABates"]
[Black "Winterowl"]
[Result "1-0"]
[WhiteElo "2369"]
[BlackElo "1561"]
[TimeControl "300"]
[EndTime "23:10:52 PDT"]
[Termination "RichardABates won by resignation"]

1. d4 Nf6 2. Nf3 d6 3. g3 g6 4. Bg2 Bg7 5. c4 O-O 6. O-O Nbd7 7. Nc3 Re8 8. d5 Nc5 9. Nd4 e5 10. dxe6 Nxe6 11. Nxe6 fxe6 12. b3 Rf8 13. Bb2 Qe7 14. e4 c6 15. f4 Nd7 16. Qd2 Nc5 17. Rad1 Rd8 18. b4 Na6 19. a3 Nc7 20. Rfe1 Qf7 21. e5 d5 22. c5 Rf8 23. Ne2 h6 24. Nd4 Bd7 25. Rf1 Qe7 26. Rde1 a6 27. Qd3 Kh7 28. a4 Rf7 29. g4 1-0

[Event "Live Chess"]
[Site "Chess.com"]
[Date "2024.06.02"]
[Round "-"]
[White "EPotapov05"]
[Black "RockTroll"]
[Result "0-1"]
[WhiteElo "1806"]
[BlackElo "2186"]
[TimeControl "300"]
[EndTime "23:10:56 PDT"]
[Termination "RockTroll won by checkmate"]

1. d4 Nf6 2. c4 g6 3. Nc3 Bg7 4. e4 d6 5. h3 O-O 6. Nf3 e5 7. d5 Na6 8. Be3 Nc5 9. Nd2 a5 10. g4 c6 11. Be2 cxd5 12. cxd5 a4 13. g5 Nfd7 14. h4 f5 15. f3 b5 16. Bxb5 Qb6 17. Nc4 Qb8 18. Bc6 Ba6 19. Bxa8 Bxc4 20. Bc6 Qxb2 21. Rc1 Qg2 22. Rf1 Nd3+ 23. Qxd3 Bxd3 24.
Rf2 Qg1+ 25. Kd2 Qg3 26. Kxd3 f4 27. Ba7 Nc5+ 28. Bxc5 dxc5 29. Rcf1 Rb8 30. Bxa4 Rb4 31. a3 Rd4+ 32. Ke2 Qxh4 33. Nb5 Rxa4 34. d6 Qxg5 35. d7 Bf6 36. Rd1 Bd8 37. Nd6 Rxa3 38. Rd2 Re3+ 39.
Kd1 Qg1+ 40. Kc2 Qa1 41. Nc4 Rc3# 0-1

[Event "Live Chess"]
[Site "Chess.com"]
[Date "2024.06.02"]
[Round "-"]
[White "AlanBstard10"]
[Black "SavagePawn7"]
[Result "1-0"]
[WhiteElo "1159"]
[BlackElo "641"]
[TimeControl "300"]
[EndTime "23:11:43 PDT"]
[Termination "AlanBstard10 won by resignation"]

1. b4 d5 2. Bb2 Nf6 3. a3 e6 4. e3 a6 5. Be2 Nc6 6. Nf3 Bd6 7. O-O e5 8. d3 O-O 9. c4 dxc4 10.
dxc4 e4 11. Nd4 Nxd4 12. Qxd4 Re8 13. Nd2 Be5 14. Qxd8 Rxd8 15. Bxe5 Rxd2 16. Bxf6 gxf6 17. Rfe1 Bf5 18. f3 Rad8 19. fxe4 Bxe4 20. Bf3 Bxf3 21. gxf3 Rc2 22. Rac1 Ra2 23. Ra1 Rdd2 24. Rxa2 Rxa2 25. Rd1 Rxa3 26. Rd8+ Kg7 27. Rb8 Rc3 28. Rxb7 Rxc4 29.
Ra7 Rxb4 30. Rxa6 Rc4 31. Kf2 h5 32. Ke2 Kg6 33. Kd3 Rc1 34. Ra2 Rc6 35. Rg2+ Kh7 36. h3 f5 37. Rg5 Rd6+ 38. Kc2 Rh6 39. Rxf5 Kg7 40. Rc5 1-0

[Event "Live Chess"]
[Site "Chess.com"]
[Date "2024.06.02"]
[Round "-"]
[White "Dhaydon19"]
[Black "JoeyCage"]
[Result "1/2-1/2"]
[WhiteElo "2676"]
[BlackElo "2395"]
[TimeControl "300"]
[EndTime "23:12:05 PDT"]
[Termination "Game drawn - insufficient material"]

1. d4 e6 2. Nf3 d5 3. g3 Nf6 4.
Bg2 c5 5. c3 cxd4 6. Nxd4 Nc6 7.
Nxc6 bxc6 8. O-O Be7 9. Nd2 O-O 10. Qc2 Ba6 11. Re1 Rb8 12. e4 Qb6 13. exd5 cxd5 14.
Nf3 Rfc8 15. Ne5 Qb7 16. Rb1 Nd7 17. Nxd7 Qxd7 18. Be3 Bc5 19. Bxc5 Rxc5 20. Qd2 Rbc8 21. Qd4 Rc4 22. Qe5 Qc7 23. Qxc7 R4xc7 24. Rbd1 Rb8 25. Rd2 Bc4 26. a3 Rcb7 27. b4 Rc7 28. Re3 Rbc8 29.
Bf3 Bb5 30. Rc2 Kf8 31. Rc1 a6 32. Bd1 d4 33. Re5 Rxc3 34. Rxc3 Rxc3 35. a4 Bc6 36. Kf1 Rc1 37. Ke2 Rb1 38. Rc5 Be4 39. b5 axb5 40. Rxb5 Rxb5 41. axb5 Ke7 42. b6 Kd6 43. f3 Bc6 44.
Kd3 Kc5 45. f4 Kxb6 46. Kxd4 Kc7 47. Ke5 Kd7 48. g4 f6+ 49. Kd4 Kd6 50. h4 e5+ 51. Ke3 Kc5 52. g5 h6 53. Bg4 Kd5 54. Bf3+ Kd6 55.
Bg4 Bd7 56. Bf3 hxg5 57. hxg5 f5 58. Be2 Be6 59. Bh5 Kd5 60. Bg6 Kd6 61. Bh5 Kd5 62. Be2 Kd6 63. Bd1 exf4+ 64. Kxf4 g6 65. Ba4 Ke7 66. Ke5 Bf7 67. Bc2 Be8 68. Bd1 Bf7 69. Bf3 Be8 70. Bd5 Bf7 71. Bc6 Be8 72. Bf3 Bf7 73. Be2 Be8 74. Bd3 Bf7 75. Bxf5 gxf5 76. Kxf5 Kf8 77. Kf6 Kg8 78. g6 Bxg6 1/2-1/2

[Event "Live Chess"]
[Site "Chess.com"]
[Date "2024.06.02"]
[Round "-"]
[White "Crowded_House"]
[Black "McFim"]
[Result "1/2-1/2"]
[WhiteElo "1690"]
[BlackElo "1702"]
[TimeControl "300"]
[EndTime "23:12:29 PDT"]
[Termination "Game drawn by agreement"]

1. d4 d5 2. Bg5 Nf6 3. e3 e6 4. Bd3 Be7 5. Nd2 h6 6. Bh4 Nbd7 7. Ngf3 c5 8. c3 b6 9. O-O Bb7 10. Re1 cxd4 11. cxd4 O-O 12. a3 a6 13. Rc1 Rc8 14.
Rxc8 Qxc8 15. Qc1 Qxc1 16. Rxc1 Rc8 17. Rxc8+ Bxc8 18. Ne5 g5 19. Nxd7 Nxd7 20. Bg3 f6 21.
Kf1 Kf7 22. Ke2 b5 23. Nb3 h5 24. h3 1/2-1/2

[Event "Live Chess"]
[Site "Chess.com"]
[Date "2024.06.02"]
[Round "-"]
[White "KeithArkell"]
[Black "MaximKovalenko83"]
[Result "1-0"]
[WhiteElo "2423"]
[BlackElo "2213"]
[TimeControl "300"]
[EndTime "23:13:32 PDT"]
[Termination "KeithArkell won on time"]

1. d4 d5 2. Nf3 c5 3. c4 cxd4 4. cxd5 Qxd5 5. Nc3 Qa5 6. Nxd4 Bd7 7. g3 Nc6 8. Bg2 e5 9. Nxc6 Bxc6 10. Bxc6+ bxc6 11. Qa4 Qxa4 12. Nxa4 Bb4+ 13. Bd2 Bxd2+ 14. Kxd2 Ne7 15.
Rhc1 f6 16. Nc5 Kf7 17. Rc4 Rhd8+ 18. Ke1 Rab8 19. b3 Rd5 20. Rac1 a5 21. f3 Rb4 22. a3 Rxc4 23. Rxc4 Nc8 24. e4 Rd6 25. Ra4 Na7 26. Rxa5 Nb5 27. a4 Nd4 28. Ra7+ Kg6 29. Kf2 Nc2 30.
f4 Rd2+ 31. Kf3 Nd4+ 32. Ke3 Rxh2 33. f5+ Kh6 34. Ne6 Nxb3 35. Rxg7 Ra2 36. Rg4 Rh2 37. Rh4+ Rxh4 38. gxh4 Kh5 39. Nf8 h6 40. Ng6 Kg4 41. Ke2 c5 42. Kd3 Na5 43. Kc3 Kf3 44. Ne7 Kxe4 45.
h5 Kf4 46. Kd3 Kg5 47. Ke4 c4 48. Nd5 Nc6 49. Kf3 Kxf5 50. Ne3+ Kg5 51. Nxc4 Kxh5 52. Ke4 Kg5 53. Kd5 Nb8 54. Kd6 h5 55. Kc7 Na6+ 56. Kb6 Nb4 57. Kb5 Nd5 58. Kc5 Nc7 59. Kc6 Na6 60. Kb5 Nc7+ 61. Kb6 Nd5+ 62. Kc6 Nb4+ 63. Kb5 Nd5 64. a5 h4 65. Kc5 Nc7 66. Kb6 Nd5+ 67. Kc5 h3 68. Nd2 Kg4 69. Nf1 1-0